 Dungeon Crawl Stone Soup version 0.29-a0-384-g6960b1960d (webtiles) character file.

Game seed: 16021025314353634197

1990 jlumianski the Chopper (level 9, -5/68 HPs)
             Began as a Demonspawn Fighter on May 6, 2022.
             Was a Believer of Wu Jian.
             Splashed by a brown ugly thing's acid (9 damage)
             ... on level 7 of the Dungeon.
             The game lasted 00:28:18 (5756 turns).

jlumianski the Chopper (Demonspawn Fighter)         Turns: 5756, Time: 00:28:19

Health: -5/68      AC:  3    Str: 21    XL:     9   Next: 1%
Magic:  9/9        EV: 11    Int:  9    God:    Wu Jian [**....]
Gold:   379        SH:  5    Dex: 13    Spells: 8/8 levels left

rFire   + . .      SeeInvis .   a - +0 war axe
rCold   . . .      Faith    .   c - +0 buckler
rNeg    . . .      Spirit   .   m - +0 chain mail {rC+}
rPois   .          Reflect  .   x - +2 helmet
rElec   .          Harm     .   h - +1 cloak
rCorr   .          Rampage  .   (no gloves)
Will    .....                   (no boots)
Stlth   ..........              D - amulet of regeneration
HPRegen 1.01/turn               u - ring of fire
MPRegen 0.11/turn               C - +4 ring of protection

@: about to teleport, corroded
A: claws 2, repulsion field 2, powered by death 1, spiny 1
a: Renounce Religion, Wall Jump


You were on level 7 of the Dungeon.
You worshipped Wu Jian.
Wu Jian was pleased with you.
You visited 1 branch of the dungeon, and saw 7 of its levels.

You collected 1105 gold pieces.
You spent 726 gold pieces at shops.

Inventory:

Hand Weapons
 a - a +0 war axe (weapon)
 i - the +5 hunting sling "Offuh" {speed, Str+3}
   (You found it on level 2 of the Dungeon)

   Attacks with this weapon are significantly faster.
   Str:       It affects your strength (+3).
 q - a +4 dagger
 z - a +1 mace of protection
 G - a +3 hand axe
Missiles
 e - 170 stones
 g - a boomerang (quivered)
 p - 26 poisoned darts
 w - a throwing net
 F - 6 datura-tipped darts
Armour
 b - a +0 scale mail
 c - a +0 buckler (worn)
 f - a +0 chain mail
 h - a +1 cloak (worn)
 m - a +0 chain mail of cold resistance (worn)
 x - a +2 helmet (worn)
 A - a +1 scale mail of willpower
Magical Staves
 B - a staff of conjuration
Jewellery
 u - a ring of fire (left claw)
 C - a +4 ring of protection (right claw)
 D - an amulet of regeneration (around neck)
Wands
 I - a wand of paralysis (11)
Scrolls
 y - a scroll of fear
Potions
 d - 3 potions of might
 j - 2 potions of berserk rage
 l - a potion of resistance
 o - a potion of curing
 r - a potion of lignification
 s - 3 potions of degeneration
 t - a potion of heal wounds {unknown}
 v - 2 potions of brilliance {unknown}
 E - a potion of flight {unknown}
 H - a potion of mutation {unknown}


   Skills:
 + Level 5.6 Fighting
 + Level 7.4 Axes
 + Level 2.0 Slings
 + Level 0.3(1.3) Throwing
 + Level 5.6 Armour
 + Level 1.4 Dodging
 + Level 0.2 Stealth
 + Level 4.1 Shields


You had 8 spell levels left.
You didn't know any spells.
Your spell library contained the following spells:

 Spells                   Type           Power      Damage    Failure   Level
 Conjure Flame            Conj/Fire      0%         6-21      100%        3
 Ignite Poison            Fire/Tmut/Pois 0%         N/A       100%        3
 Sticky Flame             Conj/Fire      0%         2d3       100%        4
 Blade Hands              Tmut           0%         N/A       100%        5
 Irradiate                Conj/Tmut      0%         3d13      100%        5
 Dragon Form              Tmut           0%         N/A       100%        7


Dungeon Overview and Level Annotations

Branches:
Dungeon (7/15)             Temple (0/1) D:4

Altars:
Ashenzari
Dithmenos
Gozag
Kikubaaqudgha
Nemelex Xobeh
Qazlal
Vehumet
Wu Jian

Shops:
D:6 =


Innate Abilities, Weirdness & Mutations

You have very sharp fingernails.
You are surrounded by a moderate repulsion field. (EV +3)
You regenerate a little health from kills.
You are partially covered in sharp spines.


Message History

The brown ugly thing barely misses you.
The brown ugly thing is struck by your spines.
The brown ugly thing punches you.
You are splashed with acid!
The brown ugly thing attacks as you move away!
The brown ugly thing punches you.
You are splashed with acid.
The brown ugly thing attacks as you move away!
The brown ugly thing punches you but does no damage.
Aiming: Wall Jump
Press: ? - help, Dir - move target You repeatedly attack the brown ugly thing from above.
You slash the brown ugly thing!
The brown ugly thing is severely wounded.
You hit the brown ugly thing but do no damage.
The brown ugly thing is severely wounded.
The brown ugly thing punches you. The acid corrodes you!
You are splashed with acid.
* * * LOW HITPOINT WARNING * * *
The brown ugly thing punches you.
* * * LOW HITPOINT WARNING * * *
The acid corrodes you!
You are splashed with acid!
* * * LOW HITPOINT WARNING * * *
Blink to where?
Press: ? - help, Dir - move target
As you read the scroll of blinking, it crumbles to dust.
You hear the steady creaking of a portcullis very nearby.
You spin and attack the brown ugly thing.
You closely miss the brown ugly thing.
The brown ugly thing is severely wounded.
The brown ugly thing punches you but does no damage.
There is a stone staircase leading up here.
As you read the scroll of teleportation, it crumbles to dust.
You feel strangely unstable.
You block the brown ugly thing's attack.
The brown ugly thing attacks as you move away!
The brown ugly thing completely misses you.
The brown ugly thing attacks as you move away!
The brown ugly thing punches you!
* * * LOW HITPOINT WARNING * * *
The acid corrodes you!
You are splashed with acid!
You die...

##.# #.#.# ##.#
#.#.# #.# #...#
#.#############.#
#..............)#
#.#############.#
.# #.# #.# #@# #
#u# .# #.##.#
########<#..####
#..§..#.........
#'###.#.......##
.... #.........#
#.⌠.⌠.#.#.......#
#.._..##........#


You could see a brown ugly thing.

Vanquished Creatures
  A hornet (D:7)
  Edmund (D:5)
  A water moccasin (D:6)
  A sky beast (D:6)
  A black bear (D:5)
  3 ogres
  A centaur (D:6)
  A phantom (D:5)
  A kobold brigand (D:6)
  2 necrophages
  2 scorpions
  5 wights
  A howler monkey (D:5)
  2 jellies
  A hound (D:4)
  An orc wizard (D:2)
  3 iguanas
  4 gnolls (D:2)
  2 adders
  3 shadow imps
  2 ufetubi
  3 worms
  4 dart slugs
  9 orcs
  5 ball pythons
  5 endoplasms
  4 giant cockroaches
  4 goblins
  7 hobgoblins
  3 jackals (D:5)
  17 kobolds
  5 quokkas
  5 bats
  4 frilled lizards
  4 rats
118 creatures vanquished.

Vanquished Creatures (others)
  An orc (D:5)
  8 fungi (D:7)
  6 toadstools (D:7)
15 creatures vanquished.

Grand Total: 133 creatures vanquished

Notes
Turn   | Place    | Note
-------+----------+-------------------------------------------
     0 | D:1      | jlumianski the Demonspawn Fighter began the quest for the
                  | Orb.
     0 | D:1      | Reached XP level 1. HP: 18/18 MP: 1/1
   304 | D:1      | Gained mutation: You have sharp fingernails. [demonic
                  | ancestry]
   304 | D:1      | Reached XP level 2. HP: 24/24 MP: 2/2
   467 | D:1      | Found a faded altar of an unknown god.
   467 | D:1      | Noticed a soul eater
   607 | D:1      | Reached skill level 2 in Axes
   843 | D:2      | Gained mutation: You are surrounded by a mild repulsion
                  | field. (EV +2) [demonic ancestry]
   843 | D:2      | Reached XP level 3. HP: 29/29 MP: 3/3
   891 | D:3      | Found a sparkling altar of Nemelex Xobeh.
   891 | D:3      | Found an ornate altar of the Wu Jian Council.
   920 | D:3      | Became a worshipper of the Wu Jian Council
  1421 | D:2      | Identified the +5 hunting sling "Offuh" {speed, Str+3}
  1518 | D:2      | Gained mutation: You are partially covered in sharp spines.
                  | [demonic ancestry]
  1518 | D:2      | Reached XP level 4. HP: 31/35 MP: 4/4
  1609 | D:2      | Reached skill level 3 in Axes
  1614 | D:2      | Reached skill level 1 in Slings
  1929 | D:2      | Identified a scroll of acquirement
  1929 | D:2      | Acquired 676 gold pieces
  1981 | D:3      | Reached * piety under Wu Jian
  2041 | D:3      | Noticed a scorpion
  2047 | D:3      | Killed a scorpion
  2048 | D:3      | Gained mutation: You regenerate a little health from kills.
                  | [demonic ancestry]
  2048 | D:3      | Reached XP level 5. HP: 41/41 MP: 5/5
  2405 | D:3      | Found a stormy altar of Qazlal.
  2825 | D:5      | Entered Level 5 of the Dungeon
  2950 | D:4      | Reached skill level 4 in Axes
  2950 | D:4      | Reached XP level 6. HP: 43/48 MP: 6/6
  3003 | D:4      | Found an opulent altar of Gozag.
  3038 | D:4      | Found a staircase to the Ecumenical Temple.
  3133 | D:4      | Found a radiant altar of Vehumet.
  3240 | D:4      | Reached ** piety under Wu Jian
  3444 | D:5      | Reached XP level 7. HP: 49/54 MP: 7/7
  3447 | D:5      | Reached skill level 5 in Axes
  3471 | D:5      | Reached skill level 1 in Dodging
  3678 | D:6      | Reached skill level 6 in Axes
  3887 | D:5      | Noticed Edmund
  3902 | D:5      | Killed Edmund
  3903 | D:5      | Gained mutation: You are surrounded by a moderate repulsion
                  | field. (EV +3) [demonic ancestry]
  3903 | D:5      | Reached XP level 8. HP: 10/61 MP: 8/8
  4172 | D:5      | Found a broken altar of Ashenzari.
  4497 | D:6      | Found Mavonaib's Jewellery Emporium.
  4505 | D:6      | Bought a +4 ring of protection for 396 gold pieces
  4506 | D:6      | Bought an amulet of regeneration for 330 gold pieces
  4582 | D:6      | Found an ancient bone altar of Kikubaaqudgha.
  4672 | D:6      | Reached skill level 5 in Fighting
  4672 | D:6      | Reached skill level 7 in Axes
  5484 | D:7      | Noticed a hornet
  5495 | D:7      | Killed a hornet
  5512 | D:6      | Reached skill level 5 in Armour
  5638 | D:7      | Gained mutation: You have very sharp fingernails. [demonic
                  | ancestry]
  5638 | D:7      | Reached XP level 9. HP: 68/68 MP: 9/9
  5734 | D:7      | Found a shadowy altar of Dithmenos.
  5734 | D:7      | Noticed a brown ugly thing
  5756 | D:7      | Splashed by a brown ugly thing's acid

Illustrated notes

Levels and vault maps discovered:
D:1:      shiori_arrival_maze, layout_loops_ring,
          dreamdust_ecumenical_altar_sealed_demon, kennysheep_crisscross
D:2:      layout_basic, chequers_serial_rivers_marsh
D:3:      layout_loops_cross, grunt_qazlal_clouds, grunt_temple_overflow_open
D:4:      layout_basic, lemuel_crystal_altar, nicolae_vehumet_altar_sigil,
          minmay_temple_entry_purple_smoke
D:5:      layout_rooms, ashenzari_altar_1, lemuel_flame_loot_1, uniq_edmund
D:6:      layout_cave_pods, mainiacjoe_overflow_24_doors, enter_ossuary_5,
          serial_shops, shop, kennysheep_small_spiral, grunt_decor_mini_mirrors
D:7:      layout_loops_ring, kennysheep_little_box, enter_bailey_3,
          serial_shops, nicolae_shop_stone, minmay_gold_behind_fungi

Skill      XL: |  1  2  3  4  5  6  7  8 |
---------------+-------------------------+-----
Shields        | 3 4 |  4.1
Axes           | 2 3 4 6 7 |  7.4
Slings         | 1 2 |  2.0
Armour         | 3 4 5 |  5.6
Fighting       | 4 5 |  5.6
Dodging        | 1 |  1.4
Throwing       | |  0.3
Stealth        | |  0.2

Action                   |  1- 3 |  4- 6 |  7- 9 || total
-------------------------+-------+-------+-------++-------
Melee: War axe           |    94 |   105 |   129 ||   328
 Fire: Hunting sling     |    10 |    13 |       ||    23
Throw: Boomerang         |       |     2 |     4 ||     6
Invok: Lunge             |     6 |    15 |     8 ||    29
       Whirlwind         |       |     5 |    13 ||    18
 Abil: Wall Jump         |       |       |    10 ||    10
  Use: Potion            |     2 |     1 |     2 ||     5
       Scroll            |       |    11 |     3 ||    14
Armor: Chain mail        |    52 |    38 |    75 ||   165
       Scale mail        |     5 |       |       ||     5
Dodge: Dodged            |    41 |    39 |    61 ||   141
Block: Buckler           |    29 |    18 |    23 ||    70

Table legend: (Time is in decaauts)
 A = Elapsed time spent in this place.
 B = Non-inter-level travel time spent in this place.
 C = Inter-level travel time spent in this place.
 D = Time resting spent in this place.
 E = Time spent auto-exploring this place.
 F = Levels seen in this place.
 G = Mean time per level.
                   A        B        C        D        E       F      G
               +--------+--------+--------+--------+--------+-----+--------+
         Total |   5878 |   5761 |    117 |    213 |   3665 |   7 |  839.7 |
       Dungeon |   5878 |   5761 |    117 |    213 |   3665 |   7 |  839.7 |
               +--------+--------+--------+--------+--------+-----+--------+

Top non-repeatable levels by time:
     D:2: 1236 daAuts
     D:6: 1191 daAuts
     D:5: 994 daAuts
     D:3: 825 daAuts
     D:4: 685 daAuts
     D:1: 670 daAuts
     D:7: 275 daAuts
